cohdb
Replays
Latest Replays
All Replays
Popular Replays
Top Player Replays
Match Explorer
How It Works
Community
CoH3 Stats
Reddit
Sign in to upload your games and track your stats! →
Sign in with Steam
Match 43740808
Unlisted
Match 43740808
Overview
Messages
Build Orders
End
Royal Engineer Section
Construct Section Command Post
Dingo Light Scout Car
Infantry Section
Infantry Section
Infantry Section
Grenade Package
Construct Platoon Command Post
Humber Armored Car
Unlock Bishop Self-propelled Artillery
Bishop Self-propelled Artillery
Bishop Self-propelled Artillery
Selects Heavy Armor Battlegroup
Selects Rigorous Vehicle Training
Selects Forward Repair Assembly
Light Vehicle Training
Infantry Section
6-pounder Anti-tank Gun Team
Infantry Section
Infantry Training
Infantry Section
Selects Churchill Black Prince Heavy Tank
Churchill Black Prince Heavy Tank
Construct Company Command Post
Armored Vehicle Training
B1t
SkyCurv
[LCM]eldiegofu
Chef Lolo
0
0
Comments
sign in to comment!
No comments posted yet!